 Dungeon Crawl Stone Soup version 0.31-a0-221-gbddc013574 (webtiles) character file.

Game seed: 8475043530524056834

73 qw the Shooter (level 4, 0/26 HPs)
             Began as a Gargoyle Hexslinger on July 4, 2023.
             Slain by an orc
             ... wielding a +0 mace
              (1 damage)
             ... on level 3 of the Dungeon.
             The game lasted 00:00:46 (1424 turns).

qw the Shooter (Gargoyle Hexslinger)                Turns: 1424, Time: 00:00:47

Health: 0/26       AC:  7    Str: 18    XL:     4   Next: 27%
Magic:  5/5        EV: 11    Int: 13    God:
Gold:   118        SH:  0    Dex: 14    Spells: 4/5 levels left

rFire   . . .        Y - +1 sling
rCold   . . .        (no shield)
rNeg    + . .        d - +0 leather armour
rPois   inf          h - +0 helmet
rElec   +            (no cloak)
rCorr   .            (no gloves)
SInv    .            (no boots)
Will    .....        (no amulet)
Stlth   +            a - +6 ring of strength
HPRegen 0.24/turn    (no ring)
MPRegen 0.09/turn

%: no passive effects
@: no status effects
A: sickness immunity, AC +3, negative energy resistance 1, electricity
resistance, torment resistance 1, petrification resistance
a: no special abilities


You were on level 3 of the Dungeon.
You visited 1 branch of the dungeon, and saw 3 of its levels.

You collected 118 gold pieces.


Innate Abilities, Weirdness & Mutations

You are immune to sickness and miasma.
Your stone body is resilient. (AC +3)
You are immune to poison.
You resist negative energy. (rN+)
You are resistant to electric shocks. (rElec)
You are resistant to unholy torment.
You are immune to petrification.


   Skills:
 - Level 2.0 Fighting
 + Level 4.1 Ranged Weapons
 - Level 1.5 Dodging
 - Level 1.0 Spellcasting
 - Level 2.6 Hexes


You had 4 spell levels left.
You knew the following spells:

 Your Spells              Type           Power      Damage    Failure   Level
a - Slow                  Hex            28%        N/A       11%         1

Your spell library contained the following spells:

 Spells                   Type           Power      Damage    Failure   Level
 Inner Flame              Hex/Fire       4%         N/A       50%         3
 Portal Projectile        Hex/Tloc       8%         N/A       50%         3
 Cause Fear               Hex            3%         N/A       73%         4

Inventory:

Hand Weapons
 Y - a +1 sling (weapon)
Armour
 b - a +1 pair of boots
 d - a +0 leather armour (worn)
 h - a +0 helmet (worn)
Jewellery
 a - a +6 ring of strength (left hand)
Scrolls
 f - a scroll of identify
Potions
 e - a potion of heal wounds

Dungeon Overview and Level Annotations

Branches:
Dungeon (3/15)

Altars:


Message History

Found an escape hatch in the ceiling.
Found an escape hatch in the floor.
There is an escape hatch in the floor here. 4 orcs come into view.
Found a scroll of immolation.
Found a faded altar of an unknown god.
The orc shouts! x4
An orc comes into view. It is wielding a +0 whip.
The orc moves out of view.
You shoot a sling bullet.
The sling bullet hits the orc but does no damage.
The orc hits you but does no damage. The orc hits you with a +0 hand axe.
A goblin comes into view. It is wielding a +0 club.
You shoot a sling bullet.
The sling bullet hits the orc but does no damage.
The orc barely misses you. x2
You shoot a sling bullet. The sling bullet barely misses the orc.
The orc hits you but does no damage. The orc hits you with a +0 hand axe.
The orc hits you but does no damage.
You shoot a sling bullet. The sling bullet barely misses the orc.
The orc barely misses you. The orc hits you with a +0 hand axe.
The orc hits you but does no damage.
You shoot a sling bullet.
The sling bullet closely misses the orc.
The orc hits you with a +0 hand axe. The orc hits you with a +0 mace.
The orc hits you but does no damage.
A worm comes into view.
You shoot a sling bullet.
The sling bullet hits the orc but does no damage.
The orc closely misses you. The orc hits you but does no damage. x2
The orc barely misses you. The orc hits you with a +0 mace.
The orc closely misses you.
You shoot a sling bullet.
The sling bullet hits the orc but does no damage.
The orc barely misses you. The orc hits you with a +0 hand axe.
The orc closely misses you.
You shoot a sling bullet.
The sling bullet hits the orc but does no damage.
The orc hits you but does no damage. The orc hits you with a +0 hand axe.
The orc hits you with a +0 mace.
You die...

#.. ..#.#..###### +.. ._
.....#.#..##### ... .
.............>## #.. .#
w..........#.#.# ...#.
.#..#..........%
..#.#.##...###..#.#.#
.#.##.go..#.#.# #.#...##
.....oooo...#>###.....).
#@## ##....###>)##
##.###.###.# #..#
##...## #.###..# #####
#.##...# ####.##.#.#
#.......#.# #.......#.#
#.......#.. #.......##.


You could see a worm, 5 orcs and a goblin.

Vanquished Creatures
  A gnoll (D:1)
  A worm (D:2)
  6 ball pythons
  5 endoplasms
  A giant cockroach (D:2)
  3 goblins
  5 hobgoblins
  4 jackals (D:2)
  3 quokkas
  11 bats
  11 frilled lizards
  3 kobolds
  4 rats
58 creatures vanquished.

Notes
Turn   | Place    | Note
-------+----------+-------------------------------------------
     0 | D:1      | qw the Gargoyle Hexslinger began the quest for the Orb.
     0 | D:1      | Reached XP level 1. HP: 12/12 MP: 2/2
     0 | D:1      | 0 ||| qw: Version: 0.3-a-40-ge99b1a8
     0 | D:1      | 0 ||| qw: Game counter: 633
     0 | D:1      | 0 ||| qw: Melee chars always use a shield: true
     0 | D:1      | 0 ||| qw: God list: Okawaru
     0 | D:1      | 0 ||| qw: Allow faded altars: false
     0 | D:1      | 0 ||| qw: Do Orc after clearing Dungeon:15 true
     0 | D:1      | 0 ||| qw: Do second Lair branch before Depths: true
     0 | D:1      | 0 ||| qw: Lair rune preference: random
     0 | D:1      | 0 ||| qw: Goals: Normal
     0 | D:1      | 0 ||| PLANNING D:1-11
   128 | D:1      | Reached XP level 2. HP: 16/16 MP: 3/3
   164 | D:1      | Reached skill level 3 in Ranged Weapons
   345 | D:1      | Reached XP level 3. HP: 16/20 MP: 4/4
   578 | D:1      | 578 ||| UPGRADING to +0 leather armour.
   588 | D:1      | 588 ||| DROPPING +0 robe.
   589 | D:1      | 589 ||| UPGRADING to +0 helmet.
   594 | D:1      | 594 ||| READING scroll labelled JOBLOO CEUSUCW.
   595 | D:1      | 595 ||| READING scroll labelled MADDOO OC ROI.
   595 | D:1      | Identified a scroll of acquirement
   595 | D:1      | 595 ||| ACQUIRING +6 ring of strength
   595 | D:1      | Acquired a +6 ring of strength
   597 | D:1      | 597 ||| UPGRADING to +6 ring of strength.
   598 | D:1      | 598 ||| READING scroll labelled KIHURPH RIESOASS.
   599 | D:1      | 599 ||| DROPPING scroll of poison.
   617 | D:2      | 617 ||| STAIRDANCE
   957 | D:2      | Reached XP level 4. HP: 26/26 MP: 5/5
  1129 | D:2      | Reached skill level 4 in Ranged Weapons
  1330 | D:2      | 1330 ||| READING 2 scrolls labelled JER RIEKYPN.
  1331 | D:2      | 1331 ||| READING 2 scrolls labelled VURHAO EPEGAC.
  1332 | D:2      | 1332 ||| READING scroll labelled NUNGIE TAZI.
  1333 | D:2      | 1333 ||| READING scroll labelled FIESCHE BOICKI.
  1334 | D:2      | 1334 ||| READING 2 scrolls of identify.
  1334 | D:2      | 1334 ||| IDENTIFYING lumpy pink potion
  1335 | D:2      | 1335 ||| DROPPING scroll of fear.
  1336 | D:2      | 1336 ||| DROPPING scroll of fog.
  1416 | D:3      | Found a faded altar of an unknown god.
  1424 | D:3      | HP: 1/26 [orc/+0 hand axe (6)]
  1424 | D:3      | Slain by an orc

Levels and vault maps discovered:
D:1:      co_arrival_square_in_a_square_in_a_square, layout_rooms,
          patterned_corridor
D:2:      layout_basic, grunt_ministairs_2, chequers_serial_rivers_micro_a,
          minmay_lizard_king
D:3:      layout_loops_ring, mainiacjoe_overflow_24_doors,
          hellmonk_ecumenical_altar_blasted

Skill      XL: |  1  2  3  4 |
---------------+-------------+-----
Ranged Weapons | 3 4 |  4.1
Fighting       | 2 |  2.0
Dodging        | |  1.5
Spellcasting   | |  1.0
Hexes          | |  2.6

Action                     |  1- 3 |  4- 6 || total
---------------------------+-------+-------++-------
   Fire: Sling             |   147 |    46 ||   193
    Use: Scroll            |     3 |     5 ||     8
 Armour: Robe              |    21 |       ||    21
         Leather armour    |    31 |    13 ||    44
  Dodge: Dodged            |    76 |    13 ||    89

Table legend:
 A = Non-vault XP
 B = Vault XP
 C = Vault XP percentage of total XP
 D = Non-vault monster count
 E = Vault monster count
 F = Vault count percentage of total count
                 A         B        C        D         E       F
            +---------+---------+-------+---------+---------+-------
      Total |      92 |      13 |  12.4 |      46 |      12 |  20.7
            +---------+---------+-------+---------+---------+-------
        D:1 |      47 |       0 |   0.0 |      21 |       0 |   0.0
        D:2 |      38 |      13 |  25.5 |      20 |      12 |  37.5
        D:3 |       7 |       0 |   0.0 |       5 |       0 |   0.0
            +---------+---------+-------+---------+---------+-------
